 Dungeon Crawl Stone Soup version 0.32-a0-918-g0f22ef8d61 (webtiles) character file.

Game seed: 3179493932342938673

760 zyxw121 the Sneak (level 8, -3/48 HPs)
             Began as a Kobold Brigand on Apr 10, 2024.
             Slain by a gnoll sergeant
             ... wielding a +0 trident
              (4 damage)
             ... on level 5 of the Dungeon.
             The game lasted 00:10:21 (3760 turns).

zyxw121 the Sneak (Kobold Brigand)                  Turns: 3760, Time: 00:10:22

Health: -3/48      AC:  8    Str:  8    XL:     8   Next: 7%
Magic:  8/8        EV: 15    Int: 12    God:
Gold:   259        SH:  0    Dex: 19    Spells: 7/7 levels left

rFire   . . .        a - +3 dagger
rCold   + . .        (no shield)
rNeg    . . .        s - +0 leather armour
rPois   +            (no helmet)
rElec   .            c - +0 cloak
rCorr   .            (no gloves)
SInv    .            (no boots)
Will    .....        (no amulet)
Stlth   +++++        k - +4 ring of protection
HPRegen 0.28/turn    (no ring)
MPRegen 0.11/turn

%: no passive effects
@: studying Short Blades
A: small, no large weapons, nightstalker 3, cold resistance 1, poison resistance
a: no special abilities


You were on level 5 of the Dungeon.
You visited 2 branches of the dungeon, and saw 6 of its levels.

You collected 259 gold pieces.

Inventory:

Hand Weapons
 a - a +3 dagger (weapon)
Missiles
 d - 16 poisoned darts
 e - a curare-tipped dart (quivered)
Armour
 b - a +0 robe
 c - a +0 cloak (worn)
 h - a +0 leather armour
 r - a +0 helmet
 s - a +0 leather armour (worn)
Jewellery
 i - an amulet of the acrobat
 k - a +4 ring of protection (left hand)
Scrolls
 j - a scroll of fog
 l - 2 scrolls of blinking
 n - a scroll of identify
 o - 2 scrolls of enchant weapon
 t - a scroll of teleportation {unknown}
Potions
 f - a potion of degeneration {unknown}
 g - a potion of curing
 m - a potion of might {unknown}


   Skills:
 + Level 4.5 Fighting
 + Level 5.7 Short Blades
 + Level 4.5 Throwing
 + Level 4.4 Dodging
 + Level 7.6 Stealth


You had 7 spell levels left.
You didn't know any spells.
Your spell library contained the following spells:

 Spells                   Type           Power      Damage    Failure   Level
 Kiss of Death            Conj/Necr      0%         2d5       43%         1
 Confusing Touch          Hex            0%         N/A       82%         3
 Dispel Undead            Necr           0%         3d6       99%         4


Dungeon Overview and Level Annotations

Branches:
Dungeon (5/15)             Temple (1/1) D:4

Altars:
Ashenzari
Elyvilon
Fedhas
Gozag
Hepliaklqana
Kikubaaqudgha
Makhleb
Nemelex Xobeh
Qazlal
Ru
Sif Muna
Trog
Uskayaw
Vehumet
Yredelemnul
Zin

Shops:
D:3 !(=

Annotations:
D:4 1 runed translucent door, HyperOdds's ghost, novice BaBe
D:5 2 transporters


Innate Abilities, Weirdness & Mutations

You are small and have problems with some larger weapons.
You are completely attuned to the shadows.
Your flesh is cold resistant. (rC+)
Your system is resistant to poisons. (rPois)


Message History

The gnoll sergeant completely misses you.
The gnoll sergeant blocks your attack.
The gnoll sergeant is heavily wounded.
You barely miss the gnoll sergeant.
The gnoll sergeant is heavily wounded.
The gnoll sergeant closely misses you.
The gnoll shouts!
You hit the gnoll sergeant but do no damage.
The gnoll sergeant is heavily wounded.
You hear a shout!
You hit the gnoll sergeant.
The gnoll sergeant is severely wounded.
The gnoll sergeant misses you.
You hit the gnoll sergeant but do no damage.
The gnoll sergeant is severely wounded.
You hit the gnoll sergeant but do no damage.
The gnoll sergeant is severely wounded.
The gnoll sergeant blocks your attack.
The gnoll sergeant is severely wounded.
The gnoll sergeant hits you but does no damage.
You hit the gnoll sergeant but do no damage.
The gnoll sergeant is almost dead.
You hit the gnoll sergeant but do no damage.
The gnoll sergeant is almost dead.
The gnoll sergeant hits you with a +0 trident.
* * * LOW HITPOINT WARNING * * *
The gnoll sergeant blocks your attack.
The gnoll sergeant is almost dead.
The gnoll sergeant blocks your attack.
The gnoll sergeant is almost dead.
The gnoll sergeant hits you with a +0 trident!
* * * LOW HITPOINT WARNING * * *
You barely miss the gnoll sergeant.
The gnoll sergeant is almost dead.
A water moccasin comes into view.
You hit the gnoll sergeant but do no damage.
The gnoll sergeant is almost dead.
The gnoll sergeant looks more healthy.
The gnoll misses you.
The gnoll sergeant hits you with a +0 trident.
You die...

.^..####.#....
.§§.)....#....
^§§§†..............
#≈#..)...#.........
###^................#####
##.....)..#........#.....#.
≈.^.......#.......#........
###....[......####gS.......
###....#........@gg.(......
..............####g........
.... .........# #.........
©.©. .........# #)........
#### .... #...?..... $(..
##...).... . .......#


You could see a water moccasin, a gnoll sergeant (slow) and 3 gnolls.

Vanquished Creatures
  An ice beast (D:5)
  Blork the orc (D:4)
  3 scorpions
  An orc priest (D:5)
  A bombardier beetle (D:5)
  A hound (D:5)
  3 orc wizards
  A sleepcap (D:4)
  4 gnolls (D:4)
  9 adders
  2 dart slugs
  A ribbon worm (D:3)
  19 orcs
  6 ball pythons
  5 endoplasms
  4 giant cockroaches
  7 goblins
  8 hobgoblins
  3 quokkas
  7 bats
  2 frilled lizards
  8 kobolds
  6 rats
103 creatures vanquished.

Notes
Turn   | Place    | Note
-------+----------+-------------------------------------------
     0 | D:1      | zyxw121 the Kobold Brigand began the quest for the Orb.
     0 | D:1      | Reached XP level 1. HP: 12/12 MP: 1/1
   111 | D:1      | Reached XP level 2. HP: 18/18 MP: 2/2
   333 | D:1      | Reached XP level 3. HP: 22/22 MP: 3/3
   920 | D:2      | Reached XP level 4. HP: 27/27 MP: 4/4
  1188 | D:3      | Reached skill level 6 in Stealth
  1206 | D:3      | Found Jollig's Distillery.
  1296 | D:3      | Reached XP level 5. HP: 24/32 MP: 5/5
  1502 | D:3      | Found Biqicot's Antique Weapon Shop.
  1866 | D:3      | Found Eshoj's Jewellery Shoppe.
  2089 | D:3      | Gained mutation: You are covered in fur. (AC +1) [potion of
                  | mutation]
  2089 | D:3      | Gained mutation: Your muscles are strong. (Str +4, Int/Dex
                  | -1) [potion of mutation]
  2089 | D:3      | Gained mutation: You have hidden genetic defects. [potion
                  | of mutation]
  2244 | D:3      | Reached XP level 6. HP: 18/37 MP: 6/6
  2247 | D:3      | Gained mutation: You are frail. (-10% HP) [hidden defects]
  2301 | D:3      | Lost mutation: Your muscles are strong. (Str +4, Int/Dex
                  | -1) [potion of mutation]
  2301 | D:3      | Lost mutation: You are covered in fur. (AC +1) [potion of
                  | mutation]
  2301 | D:3      | Lost mutation: You are frail. (-10% HP) [potion of
                  | mutation]
  2301 | D:3      | Gained mutation: You occasionally shout uncontrollably at
                  | your foes. [potion of mutation]
  2302 | D:3      | Lost mutation: You have hidden genetic defects. [potion of
                  | mutation]
  2302 | D:3      | Lost mutation: You occasionally shout uncontrollably at
                  | your foes. [potion of mutation]
  2302 | D:3      | Gained mutation: Your system is resistant to poisons.
                  | (rPois) [potion of mutation]
  2302 | D:3      | Gained mutation: Your flesh is cold resistant. (rC+)
                  | [potion of mutation]
  2336 | D:4      | Found a runed translucent door.
  2338 | D:4      | Noticed HyperOdds's ghost (novice BaBe)
  2348 | D:4      | Identified the staff of Ignis's Hope {Hexes Ice Earth}
  2778 | D:4      | Found a staircase to the Ecumenical Temple.
  2834 | D:4      | Noticed Blork the orc
  2838 | D:4      | Killed Blork the orc
  2842 | D:4      | Reached XP level 7. HP: 42/42 MP: 7/7
  3196 | Temple   | Entered the Ecumenical Temple
  3275 | D:5      | Entered Level 5 of the Dungeon
  3283 | D:5      | Reached skill level 7 in Stealth
  3325 | D:5      | Found a transporter.
  3329 | D:5      | Found a transporter.
  3342 | D:5      | Reached skill level 5 in Short Blades
  3380 | D:5      | Found a stormy altar of Qazlal.
  3711 | D:5      | Identified a scroll of acquirement
  3711 | D:5      | Acquired a manual of Short Blades
  3742 | D:5      | Reached XP level 8. HP: 9/48 MP: 8/8
  3758 | D:5      | HP: 1/48 [gnoll sergeant/+0 trident (11)]
  3760 | D:5      | Slain by a gnoll sergeant

Illustrated notes

Levels and vault maps discovered:
D:1:      minmay_arrival_stair_chambers, layout_basic, minmay_split_cup_small
D:2:      layout_rooms, minmay_misc_feat_secret_circle
D:3:      layout_loops_ring, serial_shops, nicolae_shop_waterfront,
          nicolae_shop_tiny_statue_garden, nicolae_shop_tiny_statue_garden,
          kennysheep_generic_room_7
D:4:      layout_loops_cross, minmay_temple_entry_large_hall,
          gammafunk_ghost_grave, uniq_blork_the_orc
D:5:      layout_rooms, grunt_qazlal_sundering, gammafunk_ghost_smash
Temple:   nicolae_temple_bog_church

Skill      XL: |  1  2  3  4  5  6  7 |
---------------+----------------------+-----
Short Blades   | 3 4 5 |  5.7
Dodging        | 2 3 4 |  4.4
Fighting       | 3 4 |  4.5
Throwing       | 3 4 |  4.5
Stealth        | 6 7 |  7.6

Action                     |  1- 3 |  4- 6 |  7- 9 || total
---------------------------+-------+-------+-------++-------
  Melee: Dagger            |    63 |   174 |   127 ||   364
  Throw: Dart              |       |    18 |    19 ||    37
    Use: Scroll            |       |     6 |     2 ||     8
         Potion            |       |     7 |       ||     7
   Stab: Sleeping          |    17 |    24 |     5 ||    46
         Distracted        |     2 |       |       ||     2
 Armour: Robe              |     9 |       |       ||     9
         Leather armour    |    15 |    86 |    50 ||   151
  Dodge: Dodged            |    21 |    90 |    92 ||   203

Table legend: (Time is in decaauts)
 A = Elapsed time spent in this place.
 B = Non-inter-level travel time spent in this place.
 C = Inter-level travel time spent in this place.
 D = Time resting spent in this place.
 E = Time spent auto-exploring this place.
 F = Levels seen in this place.
 G = Mean time per level.
                   A        B        C        D        E       F      G
               +--------+--------+--------+--------+--------+-----+--------+
         Total |   3698 |   3557 |    141 |    298 |   2391 |   6 |  616.3 |
       Dungeon |   3627 |   3498 |    129 |    298 |   2391 |   5 |  725.4 |
        Temple |     71 |     59 |     12 |      0 |      0 |   1 |   71.0 |
               +--------+--------+--------+--------+--------+-----+--------+

Top non-repeatable levels by time:
     D:3: 1072 daAuts
     D:4: 933 daAuts
     D:2: 610 daAuts
     D:1: 561 daAuts
     D:5: 448 daAuts
  Temple: 71 daAuts
